 Dungeon Crawl Stone Soup version 0.29.1-1-gd02db6906a (webtiles) character file.

Game seed: 14778773776846110786

1326 fireball365 the Cleaver (level 8, -7/66 HPs)
             Began as a Minotaur Fighter on Oct 13, 2022.
             Was an Initiate of Makhleb.
             Mangled by a two-headed ogre
             ... wielding a +0 giant spiked club
              (11 damage)
             ... on level 6 of the Dungeon.
             The game lasted 00:26:13 (5416 turns).

fireball365 the Cleaver (Minotaur Fighter)          Turns: 5416, Time: 00:26:14

Health: -7/66      AC: 10    Str: 21    XL:     8   Next: 34%
Magic:  7/7        EV:  8    Int:  5    God:    Makhleb [......]
Gold:   342        SH:  5    Dex: 12    Spells: 7/7 levels left

rFire   + . .      SeeInvis .   a - +0 war axe
rCold   . . .      Faith    .   c - +0 buckler
rNeg    + . .      Spirit   .   A - +0 chain mail
rPois   .          Reflect  .   (helmet restricted)
rElec   .          Harm     .   (no cloak)
rCorr   .          Rampage  .   (no gloves)
Will    .....                   (no boots)
Stlth   ..........              r - amulet of magic regeneration
HPRegen 0.21/turn               g - ring of protection from fire
MPRegen 0.50/turn               v - ring of positive energy

@: no status effects
A: horns 2, retaliatory headbutt
a: Renounce Religion


You were on level 6 of the Dungeon.
You worshipped Makhleb.
Makhleb was noncommittal.
You visited 1 branch of the dungeon, and saw 6 of its levels.

You collected 381 gold pieces.
You spent 39 gold pieces at shops.

Inventory:

Hand Weapons
 a - a +0 war axe (weapon)
 z - a +0 flail
 B - a +0 scythe
Missiles
 b - 3 boomerangs
 m - 28 stones (quivered)
 p - 16 poisoned darts
 w - a throwing net
 J - 6 javelins
 L - a silver boomerang
Armour
 c - a +0 buckler (worn)
 A - a +0 chain mail (worn)
Jewellery
 g - a ring of protection from fire (left hand)
 r - an amulet of magic regeneration (around neck)
 v - a ring of positive energy (right hand)
Wands
 C - a wand of roots (11)
 H - a wand of charming (13)
 I - a wand of mindburst (5)
 M - a wand of flame (30)
Scrolls
 f - 3 scrolls of vulnerability
 h - 7 scrolls of identify
 i - a scroll of blinking {unknown}
 k - a scroll of amnesia {unknown}
 l - a scroll of immolation {unknown}
 n - a scroll of fear {unknown}
 o - a scroll of enchant weapon {unknown}
 q - 2 scrolls of teleportation
 s - a scroll of poison {unknown}
 u - 4 scrolls of fog {unknown}
 y - 2 scrolls of magic mapping
 F - 2 scrolls of enchant armour {unknown}
Potions
 d - 4 potions of might
 e - a potion of lignification
 j - a potion of resistance
 t - 2 potions of cancellation
 x - a potion of flight {unknown}
 D - 2 potions of curing
 E - a potion of ambrosia {unknown}
 G - 2 potions of heal wounds {unknown}
 K - a potion of attraction {unknown}


   Skills:
 - Level 3.9 Fighting
 * Level 10.3 Axes
 + Level 6.1 Armour
 + Level 2.0 Dodging
 + Level 0.6 Stealth
 + Level 4.9 Shields


You had 7 spell levels left.
You didn't know any spells.
Your spell library contained the following spells:

 Spells                   Type           Power      Damage    Failure   Level
 Static Discharge         Conj/Air       0%         3-3/arc   100%        2
 Conjure Flame            Conj/Fire      0%         6-21      100%        3
 Frozen Ramparts          Ice            0%         1d1       100%        3
 Ignite Poison            Fire/Tmut/Pois 0%         N/A       100%        3
 Dispel Undead            Necr           0%         3d6       100%        4
 Ice Form                 Ice/Tmut       0%         N/A       100%        4
 Sticky Flame             Conj/Fire      0%         2d3       100%        4
 Summon Ice Beast         Ice/Summ       0%         N/A       100%        4


Dungeon Overview and Level Annotations

Branches:
Dungeon (6/15)
 Temple: D:4-7

Altars:
Makhleb
Okawaru
Qazlal
Trog
Wu Jian

Shops:
D:3 !   D:4 :


Innate Abilities, Weirdness & Mutations

You have a pair of horns on your head.
You reflexively headbutt those who attack you in melee.


Message History

You hit the phantom but do no damage. Your headbutt misses the phantom.
The phantom is heavily damaged.
The phantom barely misses you.
You closely miss the phantom.
The phantom is heavily damaged.
The phantom hits you.
The phantom blinks!
You blink.
The phantom attacks as you move away! You block the phantom's attack.
The phantom attacks as you move away!
The phantom hits you but does no damage.
You slash the phantom! You headbutt the phantom.
You destroy the phantom!
Makhleb accepts your kill.
Your Dodging skill increases to level 2!
You now have 342 gold pieces (gained 7).
A two-headed ogre comes into view.
It is wielding a +0 giant spiked club and a +0 giant club.
The two-headed ogre shouts in stereo!
An ogre comes into view. It is wielding a +0 giant spiked club.
The ogre shouts!
You block the two-headed ogre's attack.
The two-headed ogre hits you with a +0 giant club!
You slash the two-headed ogre!
Your headbutt misses the two-headed ogre.
The two-headed ogre is moderately wounded.
You hit the two-headed ogre but do no damage.
You headbutt the two-headed ogre!
The two-headed ogre is moderately wounded.
The two-headed ogre hits you with a +0 giant spiked club!!
The two-headed ogre barely misses you.
You slash the two-headed ogre!
The two-headed ogre is severely wounded.
The two-headed ogre hits you with a +0 giant spiked club!!
* * * LOW HITPOINT WARNING * * *
The two-headed ogre closely misses you.
You hit the two-headed ogre.
The two-headed ogre is severely wounded.
You hit the two-headed ogre but do no damage.
The two-headed ogre is severely wounded.
You hit the ogre.
The two-headed ogre hits you with a +0 giant spiked club!
You die...

#.....#########..........#
##..###.......####........
#...............###......
#.................#......
###..)...)........#......
.####.......###..##.....
....#########.....#....#
......O...........#..###
......O@..........#####.
###...........#####..##.
#################......##.
#............##...##......
#...##...###########......
###'##...##..##[.......###
#####..##....#..+.........#
#.......+....#..##...##...#
##......##...##..##...##...##


You could see a two-headed ogre and an ogre.

Vanquished Creatures
  Sigmund (D:3)
  An ice beast (D:5)
  A black bear (D:5)
  An ogre (D:5)
  2 phantoms (D:6)
  A kobold brigand (D:3)
  A scorpion (D:6)
  A howler monkey (D:5)
  A hound (D:6)
  A jelly (D:6)
  4 orc priests
  Natasha (thrice) (D:4)
  7 orc wizards
  An iguana (D:6)
  4 adders
  2 white imps (D:5)
  An ufetubus (D:5)
  A worm (D:3)
  2 dart slugs (D:5)
  20 orcs
  7 bats
  6 endoplasms
  3 giant cockroaches
  4 goblins
  6 hobgoblins
  4 jackals (D:1)
  5 quokkas
  9 ball pythons
  3 frilled lizards
  6 kobolds
  4 rats
  2 bushes (D:3)
115 creatures vanquished.

Vanquished Creatures (others)
  13 plants (D:3)
13 creatures vanquished.

Grand Total: 128 creatures vanquished

Notes
Turn   | Place    | Note
-------+----------+-------------------------------------------
     0 | D:1      | fireball365 the Minotaur Fighter began the quest for the
                  | Orb.
     0 | D:1      | Reached XP level 1. HP: 19/19 MP: 0/0
    71 | D:1      | Reached XP level 2. HP: 26/27 MP: 1/1
   483 | D:1      | Reached XP level 3. HP: 30/33 MP: 2/2
   635 | D:1      | Reached skill level 3 in Axes
  1780 | D:3      | Reached XP level 4. HP: 23/40 MP: 3/3
  2141 | D:3      | Reached skill level 4 in Axes
  2141 | D:3      | Reached skill level 1 in Dodging
  2274 | D:3      | Noticed Sigmund
  2293 | D:3      | Killed Sigmund
  2294 | D:3      | Reached skill level 6 in Axes
  2294 | D:3      | Reached XP level 5. HP: 28/46 MP: 4/4
  2294 | D:3      | Reached XP level 6. HP: 31/52 MP: 5/5
  2358 | D:3      | Found Nadummih's Distillery.
  2375 | D:3      | Reached skill level 5 in Armour
  2405 | D:3      | Bought a potion of curing for 39 gold pieces
  3194 | D:4      | Found Raoginy's Vocational Training.
  3323 | D:4      | Reached skill level 7 in Axes
  3327 | D:4      | Noticed Natasha
  3337 | D:4      | Killed Natasha
  3362 | D:4      | Noticed Natasha
  3382 | D:4      | Killed Natasha
  3528 | D:4      | Found a burning altar of Makhleb.
  3528 | D:4      | Noticed a green death
  3532 | D:4      | Noticed a ynoxinul
  3532 | D:4      | Noticed a ynoxinul
  3542 | D:4      | Became a worshipper of Makhleb the Destroyer
  3801 | D:4      | Noticed Natasha
  3803 | D:4      | Killed Natasha
  3804 | D:4      | Reached XP level 7. HP: 58/58 MP: 6/6
  4065 | D:5      | Entered Level 5 of the Dungeon
  4364 | D:5      | Reached skill level 8 in Axes
  4745 | D:5      | Reached skill level 9 in Axes
  4941 | D:5      | Reached XP level 8. HP: 40/66 MP: 7/7
  5161 | D:6      | Found a bloodstained altar of Trog.
  5162 | D:6      | Found an iron altar of Okawaru.
  5169 | D:6      | Found an ornate altar of the Wu Jian Council.
  5169 | D:6      | Found a stormy altar of Qazlal.
  5364 | D:6      | Reached skill level 10 in Axes
  5408 | D:6      | Noticed a two-headed ogre
  5414 | D:6      | HP: 3/66 [two-headed ogre/+0 giant spiked club (25)]
  5416 | D:6      | Mangled by a two-headed ogre

Illustrated notes

Levels and vault maps discovered:
D:1:      scummos_arrival_simple_fountains, layout_basic, serial_curves,
          eino_curves_02, eino_curves_04
D:2:      layout_loops_ring, dreamdust_wishing_well
D:3:      cheibrodos_pilgrimage, layout_loops_cross, serial_shops,
          shop_fountains, serial_forest, infiniplex_forest_clump_large,
          infiniplex_forest_clump_double, infiniplex_forest_straight_3,
          infiniplex_forest_clump_double, infiniplex_forest_lined_2,
          infiniplex_forest_straight_4, uniq_sigmund
D:4:      layout_basic, makhleb_altar_promises_db, nicolae_shop_vocational,
          uniq_natasha
D:5:      layout_cave_pools
D:6:      kennysheep_spiral_hall, layout_gridville, grunt_temple_overflow_open

Skill      XL: |  1  2  3  4  5  6  7  8 |
---------------+-------------------------+-----
Armour         | 4 5 6 |  6.1
Axes           | 3 6 7 9 10 | 10.3
Shields        | 4 |  4.9
Dodging        | 1 2 |  2.0
Fighting       | |  3.9
Stealth        | |  0.6

Action                   |  1- 3 |  4- 6 |  7- 9 || total
-------------------------+-------+-------+-------++-------
Melee: War axe           |    80 |   224 |    78 ||   382
       Headbutt          |     4 |    51 |    19 ||    74
  Use: Scroll            |       |     3 |     1 ||     4
       Potion            |       |       |     2 ||     2
Armor: Scale mail        |    81 |    16 |       ||    97
       Chain mail        |       |    39 |    61 ||   100
Dodge: Dodged            |    84 |    33 |    47 ||   164
Block: Buckler           |    30 |    19 |    32 ||    81
